 Dungeon Crawl Stone Soup version 0.29.1-15-g9cfb28693d (webtiles) character file.

Game seed: 4619248650939189808

109 leafyfresh the Sneak (level 4, -2/33 HPs)
             Began as an Octopode Delver on Apr 6, 2023.
             Slain by a necrophage (5 damage)
             ... on level 5 of the Dungeon.
             The game lasted 00:00:27 (90 turns).

leafyfresh the Sneak (Octopode Delver)                Turns: 90, Time: 00:00:28

Health: -2/33      AC:  1    Str: 11    XL:     4   Next: 90%
Magic:  4/4        EV: 14    Int: 14    God:
Gold:   0          SH:  0    Dex: 13    Spells: 3/3 levels left

rFire   . . .      SeeInvis .   a - +0 short sword
rCold   . . .      Faith    .   (no shield)
rNeg    . . .      Spirit   .   (helmet restricted)
rPois   .          Reflect  .   (no amulet)
rElec   .          Harm     .   (no ring)
rCorr   .          Rampage  .   (no ring)
Will    .....                   (no ring)
Stlth   +++++.....              (no ring)
HPRegen 0.11/turn               (no ring)
MPRegen 0.09/turn               (no ring)
                                (no ring)
                                (no ring)

@: no status effects
A: almost no armour, amphibious, 8 rings, camouflage 1, gelatinous body 1,
(nimble swimmer 1), tentacles
a: no special abilities


You were on level 5 of the Dungeon.
You visited 1 branch of the dungeon, and saw 1 of its levels.

Inventory:

Hand Weapons
 a - a +0 short sword (weapon)
Wands
 f - a wand of digging (3)
Scrolls
 b - a scroll of fog
 c - a scroll of magic mapping
Potions
 e - a potion of haste


   Skills:
 + Level 3.9 Fighting
 - Level 2.0 Short Blades
 + Level 3.2 Dodging
 + Level 7.6 Stealth


You had 3 spell levels left.
You didn't know any spells.
Your spell library was empty.

Dungeon Overview and Level Annotations

Branches:
Dungeon (5/15)
 Temple: D:4-7

Altars:

Annotations:
D:5 Edmund


Innate Abilities, Weirdness & Mutations

You cannot wear most types of armour.
You are amphibious.
You can wear up to eight rings at the same time.
Your skin changes colour to match your surroundings (Stealth+).
Your rubbery body absorbs attacks. (AC +1, EV +1)
((You are camouflaged when in or above water. (Stealth+)))
You have tentacles for arms and can constrict up to eight enemies at once.


Message History

A black bear is nearby!
Unknown command.
A phantom comes into view.
Found 11 gold pieces.
There's a creature in the doorway!
Unknown command.
You closely miss the phantom. The phantom hits you.
* * * LOW HITPOINT WARNING * * *
The phantom blinks!
You blink.
A necrophage comes into view.
Found 2 scrolls of fog.
Edmund and a hound come into view.
Edmund is wielding a +2 dire flail of holy wrath.
As you read the scroll of fear, it crumbles to dust.
You assume a fearsome visage.
Edmund looks frightened!
Edmund shouts!
The phantom is unaffected.
The necrophage is unaffected.
The black bear looks frightened!
The hound looks frightened!
The hound barks!
Edmund screams, "Help!"
The phantom misses you.
You see here 11 gold pieces.
The phantom attacks as you move away! The phantom misses you.
The phantom attacks as you move away! The phantom closely misses you.
An orc comes into view. It is wielding a +0 short sword.
The phantom attacks as you move away! The phantom hits you.
* * * LOW HITPOINT WARNING * * *
You open the door.
Edmund seems to regain his courage.
Edmund says, "Everyone always remembers my brother. 'Who's Edmund?' they ask!"
The phantom hits you.
* * * LOW HITPOINT WARNING * * *
The phantom blinks!
You blink.
The necrophage attacks as you move away!
The necrophage misses you. The phantom attacks as you move away!
The phantom misses you.
There is an open door here.
The orc shouts!
The necrophage attacks as you move away!
The necrophage hits you.
You die...

####### #. #.....#
#...###.....#######
#..........o'W.@..+
#..####.....####n##
#.......##### #@#
##.#..........##.#
...#..........##.#
....$.........##.#
....##...........#
..........########
..........###
..........'.#####
..........#.)...#######


You could see Edmund and a necrophage.

Vanquished Creatures
  A centaur (D:5)
  A hound (D:5)
2 creatures vanquished.

Notes
Turn   | Place    | Note
-------+----------+-------------------------------------------
     0 | D:5      | leafyfresh the Octopode Delver began the quest for the Orb.
     0 | D:5      | Reached XP level 1. HP: 16/16 MP: 1/1
    10 | D:5      | Noticed a hound
    17 | D:5      | Killed a hound
    18 | D:5      | Reached skill level 7 in Stealth
    18 | D:5      | Reached XP level 2. HP: 21/21 MP: 2/2
    18 | D:5      | Reached XP level 3. HP: 26/26 MP: 3/3
    29 | D:5      | Noticed a centaur
    38 | D:5      | Killed a centaur
    39 | D:5      | Reached XP level 4. HP: 3/33 MP: 4/4
    65 | D:5      | Noticed a black bear
    65 | D:5      | Noticed a phantom
    66 | D:5      | Noticed a necrophage
    68 | D:5      | Noticed Edmund
    90 | D:5      | Slain by a necrophage

Illustrated notes

Levels and vault maps discovered:
D:5:      layout_basic, serial_shops, shop, uniq_edmund

Skill      XL: |  1  2  3 |
---------------+----------+-----
Stealth        | 7 |  7.6
Dodging        | 3 |  3.2
Fighting       | |  3.9
Short Blades   | |  2.0

Action                   |  1- 3 |  4- 6 || total
-------------------------+-------+-------++-------
Melee: Short sword       |     4 |     1 ||     5
       Tentacles         |     2 |       ||     2
  Use: Scroll            |       |     1 ||     1
 Stab: Sleeping          |     1 |       ||     1
Armor: Skin              |     1 |       ||     1
Dodge: Dodged            |     4 |     5 ||     9
